SNL (28 & UNDER)
BLACKIRON DRAGONS @ GAINESVILLE GUIDOS
09/07/2030
 
TOP OF THE 1ST
BlackIron Dragons batting - Pitching for Gainesville Guidos : RHP Glenn Ellison
Pitching: RHP Glenn Ellison
Batting: RHB Mel Wells 0-0: Ball
1-0: Ball
2-0: Ball
3-0: Called Strike
3-1: Base on Balls
Batting: RHB Bernardo Corona 0-0: SINGLE (Line Drive, 6D)
Mel Wells to second
Batting: RHB Foster Hapgood 0-0: Called Strike
0-1: Ball
1-1: Ball
2-1: Swinging Strike
2-2: Grounds into double play, 6-4-3 (Groundball, 6)
Mel Wells to third
Batting: RHB Millard Long 0-0: SINGLE (Groundball, 34D)
Mel Wells scores
Batting: RHB Iván Granados 0-0: Called Strike
0-1: Ground out 5-3 (Groundball, 5S)
Top of the 1st over - 1 run, 2 hits, 0 errors, 1 left on base; BlackIron 1 - Gainesville 0
BOTTOM OF THE 1ST
Gainesville Guidos batting - Pitching for BlackIron Dragons : LHP Ben Newman
Pitching: LHP Ben Newman
Batting: RHB Ramiro Santana 0-0: Ball
1-0: Ball
2-0: Called Strike
2-1: DOUBLE (Line Drive, 89D)
Batting: RHB Doug Coleman 0-0: Called Strike
0-1: Ground out 6-3 (Groundball, 6)
Ramiro Santana to third
Batting: RHB César Castillo 0-0: SINGLE (Line Drive, 7S)
Ramiro Santana scores
Batting: SHB Kent Phillips 0-0: Ball
1-0: Hit by Pitch
César Castillo to second
Batting: RHB Luis Reynoso 0-0: Ball
1-0: Ball
2-0: Ball
3-0: Base on Balls
César Castillo to third
Kent Phillips to second
Batting: RHB León Reynoso 0-0: SINGLE (Groundball, 4D)
César Castillo scores
Kent Phillips to third
Luis Reynoso to second
Batting: SHB Manuel Díaz 0-0: Ball
1-0: Ball
2-0: Ball
3-0: Called Strike
3-1: DOUBLE (Line Drive, 7)
Kent Phillips scores
Luis Reynoso scores
León Reynoso to third
Runner from 3rd tries for Home, SAFE, no throw
Batting: LHB Scott Young 0-0: Called Strike
Manuel Díaz steals 3rd base
0-1: Ground out 6-3 (Groundball, 6M)
Manuel Díaz scores
Batting: RHB Ricardo Medina 0-0: Ball
1-0: TRIPLE (Line Drive, 89XD)
Batting: RHB Ramiro Santana 0-0: Ball
1-0: Called Strike
1-1: Ball
2-1: Foul Ball, location: 2F
2-2: Foul Ball, location: 2F
2-2: DOUBLE (Line Drive, 9LD)
Ricardo Medina scores
Batting: RHB Doug Coleman 0-0: Foul Ball, location: 2F
0-1: Ball
1-1: Foul Ball, location: 2F
1-2: Fly out, F9 (Line Drive, 9)
Bottom of the 1st over - 7 runs, 6 hits, 0 errors, 1 left on base; BlackIron 1 - Gainesville 7
TOP OF THE 2ND
BlackIron Dragons batting - Pitching for Gainesville Guidos : RHP Glenn Ellison
Batting: RHB Jason Erickson 0-0: SINGLE (Flyball, 89S)
Batting: RHB Randall Walker 0-0: Fielders Choice at 2nd, 5-4 (Groundball, 56)
Batting: RHB Luis Méndez 0-0: Called Strike
0-1: SINGLE (Line Drive, 8LS)
Randall Walker to second
Batting: LHB Miguel Barrón 0-0: Foul Ball, location: 2F
0-1: Foul Ball, location: 2F
0-2: Foul Ball, location: 2F
0-2: Strikes out swinging
Batting: RHB Mel Wells 0-0: Called Strike
0-1: Ball
1-1: Foul Ball, location: 2F
1-2: Ball
2-2: Foul Ball, location: 2F
2-2: DOUBLE (Line Drive, 7LD)
Randall Walker scores
Luis Méndez to third
Batting: RHB Bernardo Corona 0-0: Ball
1-0: Ground out 5-3 (Groundball, 56S)
Top of the 2nd over - 1 run, 3 hits, 0 errors, 2 left on base; BlackIron 2 - Gainesville 7
BOTTOM OF THE 2ND
Gainesville Guidos batting - Pitching for BlackIron Dragons : LHP Ben Newman
Batting: RHB César Castillo 0-0: Ball
1-0: Called Strike
1-1: Ball
2-1: Foul Ball, location: 2F
2-2: Ball
3-2: Ground out 6-3 (Groundball, 56)
Batting: SHB Kent Phillips 0-0: Ball
1-0: Ball
2-0: Called Strike
2-1: Ball
3-1: SOLO HOME RUN (Flyball, 7LD), Distance : 333 ft
Batting: RHB Luis Reynoso 0-0: Ball
1-0: Fly out, F7 (Flyball, 7LS)
Batting: RHB León Reynoso 0-0: Swinging Strike
0-1: Called Strike
0-2: Hit by Pitch
Batting: SHB Manuel Díaz 0-0: Swinging Strike
0-1: Called Strike
0-2: Ball
1-2: Fly out, F8 (Flyball, 8RD)
Bottom of the 2nd over - 1 run, 1 hit, 0 errors, 1 left on base; BlackIron 2 - Gainesville 8
TOP OF THE 3RD
BlackIron Dragons batting - Pitching for Gainesville Guidos : RHP Glenn Ellison
Batting: RHB Foster Hapgood 0-0: Ball
1-0: Ball
2-0: Ground out 6-3 (Groundball, 6)
Batting: RHB Millard Long 0-0: Ball
1-0: Swinging Strike
1-1: Swinging Strike
1-2: Ball
2-2: Strikes out swinging
Batting: RHB Iván Granados 0-0: Called Strike
0-1: Ground out 5-3 (Groundball, 25)
Top of the 3rd over - 0 runs, 0 hits, 0 errors, 0 left on base; BlackIron 2 - Gainesville 8
BOTTOM OF THE 3RD
Gainesville Guidos batting - Pitching for BlackIron Dragons : LHP Ben Newman
Batting: LHB Scott Young 0-0: Ball
1-0: Ball
2-0: Ball
3-0: Called Strike
3-1: Ground out 4-3 (Groundball, 4MS)
Batting: RHB Ricardo Medina 0-0: Foul Ball, location: 2F
0-1: Called Strike
0-2: Ball
1-2: Ball
2-2: Strikes out swinging
Batting: RHB Ramiro Santana 0-0: Called Strike
0-1: Called Strike
0-2: Strikes out swinging
Bottom of the 3rd over - 0 runs, 0 hits, 0 errors, 0 left on base; BlackIron 2 - Gainesville 8
TOP OF THE 4TH
BlackIron Dragons batting - Pitching for Gainesville Guidos : RHP Glenn Ellison
Batting: RHB Jason Erickson 0-0: Called Strike
0-1: Ball
1-1: Fly out, F8 (Line Drive, 78M)
Batting: RHB Randall Walker 0-0: Called Strike
0-1: Swinging Strike
0-2: Fly out, F8 (Flyball, 8LD)
Batting: RHB Luis Méndez 0-0: Ball
1-0: Ball
2-0: Foul Ball, location: 2F
2-1: Foul Ball, location: 2F
2-2: Fly out, F8 (Flyball, 8RM)
Top of the 4th over - 0 runs, 0 hits, 0 errors, 0 left on base; BlackIron 2 - Gainesville 8
BOTTOM OF THE 4TH
Gainesville Guidos batting - Pitching for BlackIron Dragons : LHP Ben Newman
Batting: RHB Doug Coleman 0-0: Ball
1-0: Ball
2-0: Called Strike
2-1: Ball
3-1: Ground out 6-3 (Groundball, 6)
Batting: RHB César Castillo 0-0: Ball
1-0: Foul Ball, location: 2F
1-1: Called Strike
1-2: Strikes out looking
Batting: SHB Kent Phillips 0-0: Ball
1-0: SINGLE (Groundball, 34D)
Batting: RHB Luis Reynoso 0-0: Ball
1-0: Ball
2-0: Ball
3-0: Foul Ball, location: 2F
3-1: SINGLE (Groundball, 6M) (infield hit)
Kent Phillips to second
Pitching: RHP António Molina
Batting: RHB León Reynoso 0-0: Foul Ball, location: 2F
0-1: SINGLE (Flyball, 89S)
Kent Phillips to third
Luis Reynoso to second
Runner from 3rd tries for Home, SAFE, throw made home
Batting: SHB Manuel Díaz 0-0: Ball
1-0: Called Strike
1-1: Ball
2-1: Called Strike
2-2: SINGLE (Flyball, 7LM)
Luis Reynoso to third
León Reynoso to second
Runner from 3rd tries for Home, SAFE, throw made home
Batting: LHB Scott Young 0-0: Fly out, F9 (Flyball, 9LS)
Bottom of the 4th over - 2 runs, 4 hits, 0 errors, 2 left on base; BlackIron 2 - Gainesville 10
TOP OF THE 5TH
BlackIron Dragons batting - Pitching for Gainesville Guidos : RHP Glenn Ellison
Batting: LHB Miguel Barrón 0-0: Called Strike
0-1: Ball
1-1: Swinging Strike
1-2: Strikes out swinging
Batting: RHB Mel Wells 0-0: Foul Ball, location: 2F
0-1: Foul Ball, location: 2F
0-2: Ball
1-2: Foul Ball, location: 2F
1-2: Ball
2-2: Ground out 5-3 (Groundball, 56S)
Batting: RHB Bernardo Corona 0-0: Ball
1-0: Called Strike
1-1: Ground out 5-3 (Groundball, 5D)
Top of the 5th over - 0 runs, 0 hits, 0 errors, 0 left on base; BlackIron 2 - Gainesville 10
BOTTOM OF THE 5TH
Gainesville Guidos batting - Pitching for BlackIron Dragons : RHP António Molina
Batting: RHB Ricardo Medina 0-0: Foul Ball, location: 2F
0-1: Ball
1-1: Ball
2-1: SOLO HOME RUN (Flyball, 7D), Distance : 359 ft
Batting: RHB Ramiro Santana 0-0: Called Strike
0-1: Ball
1-1: Ball
2-1: Ball
3-1: Ground out 1-3 (Groundball, 13)
Batting: RHB Doug Coleman 0-0: SINGLE (Line Drive, 56D)
Batting: RHB César Castillo 0-0: Ball
1-0: Fly out, F8 (Flyball, 8RM)
Batting: SHB Kent Phillips 0-0: Ball
1-0: Fielders Choice at 2nd, 6-4 (Groundball, 6)
Bottom of the 5th over - 1 run, 2 hits, 0 errors, 1 left on base; BlackIron 2 - Gainesville 11
TOP OF THE 6TH
BlackIron Dragons batting - Pitching for Gainesville Guidos : RHP Glenn Ellison
Batting: RHB Foster Hapgood 0-0: Ball
1-0: Foul Ball, location: 2F
1-1: Ball
2-1: Ball
3-1: Fly out, F9 (Flyball, 9S)
Batting: RHB Millard Long 0-0: Ball
1-0: Ground out 4-3 (Groundball, 34)
Batting: RHB Iván Granados 0-0: Called Strike
0-1: Ball
1-1: Ball
2-1: Ground out U3 (Groundball, 3)
Top of the 6th over - 0 runs, 0 hits, 0 errors, 0 left on base; BlackIron 2 - Gainesville 11
BOTTOM OF THE 6TH
Gainesville Guidos batting - Pitching for BlackIron Dragons : RHP António Molina
Batting: RHB Luis Reynoso 0-0: Ground out 1-3 (Groundball, 15S)
Batting: RHB León Reynoso 0-0: Ground out 6-3 (Groundball, 6)
Batting: SHB Manuel Díaz 0-0: Swinging Strike
0-1: Swinging Strike
0-2: Strikes out swinging
Bottom of the 6th over - 0 runs, 0 hits, 0 errors, 0 left on base; BlackIron 2 - Gainesville 11
TOP OF THE 7TH
BlackIron Dragons batting - Pitching for Gainesville Guidos : RHP Glenn Ellison
Batting: RHB Jason Erickson 0-0: Ball
1-0: Ball
2-0: Called Strike
2-1: Fly out, F8 (Flyball, 8LS)
Batting: RHB Randall Walker 0-0: Called Strike
0-1: Ball
1-1: Ball
2-1: Ground out 5-3 (Groundball, 56)
Batting: RHB Luis Méndez 0-0: Ball
1-0: Foul Ball, location: 2F
1-1: Ball
2-1: Swinging Strike
2-2: Strikes out swinging
Top of the 7th over - 0 runs, 0 hits, 0 errors, 0 left on base; BlackIron 2 - Gainesville 11
BOTTOM OF THE 7TH
Gainesville Guidos batting - Pitching for BlackIron Dragons : RHP António Molina
Batting: LHB Scott Young 0-0: Ball
1-0: Ball
2-0: DOUBLE (Flyball, 89XD)
Batting: RHB Ricardo Medina 0-0: Ball
1-0: Foul Ball, location: 2F
1-1: Ground out 6-3 (Groundball, 6M)
Scott Young to third
Batting: RHB Ramiro Santana 0-0: Ground out 6-3 (Groundball, 6)
Scott Young scores
Batting: RHB Doug Coleman 0-0: Called Strike
0-1: Foul Ball, location: 2F
0-2: Strikes out looking
Bottom of the 7th over - 1 run, 1 hit, 0 errors, 0 left on base; BlackIron 2 - Gainesville 12
TOP OF THE 8TH
BlackIron Dragons batting - Pitching for Gainesville Guidos : RHP Glenn Ellison
Batting: LHB Miguel Barrón 0-0: Called Strike
0-1: Ball
1-1: Called Strike
1-2: Ball
2-2: Foul Ball, location: 2F
2-2: Ball
3-2: Strikes out swinging
Batting: RHB Mel Wells 0-0: SINGLE (Groundball, 4S) (infield hit)
Batting: RHB Bernardo Corona 0-0: Foul Ball, location: 2F
0-1: Foul Ball, location: 2F
0-2: Foul Ball, location: 2F
0-2: Fly out, F9 (Flyball, 9)
Batting: RHB Foster Hapgood 0-0: Called Strike
0-1: Ball
1-1: Swinging Strike
1-2: Ball
2-2: Strikes out swinging
Top of the 8th over - 0 runs, 1 hit, 0 errors, 1 left on base; BlackIron 2 - Gainesville 12
BOTTOM OF THE 8TH
Gainesville Guidos batting - Pitching for BlackIron Dragons : RHP António Molina
Batting: RHB César Castillo 0-0: Fly out, F7 (Flyball, 7D)
Batting: SHB Kent Phillips 0-0: Called Strike
0-1: Foul Ball, location: 2F
0-2: Fly out, F8 (Flyball, 8RS)
Batting: RHB Luis Reynoso 0-0: Swinging Strike
0-1: Ground out 6-3 (Groundball, 56)
Bottom of the 8th over - 0 runs, 0 hits, 0 errors, 0 left on base; BlackIron 2 - Gainesville 12
TOP OF THE 9TH
BlackIron Dragons batting - Pitching for Gainesville Guidos : RHP Glenn Ellison
Batting: RHB Millard Long 0-0: Foul Ball, location: 2F
0-1: Foul Ball, location: 2F
0-2: Foul Ball, location: 2F
0-2: Ball
1-2: Ball
2-2: Foul Ball, location: 2F
2-2: Foul Ball, location: 2F
2-2: Foul Ball, location: 2F
2-2: Ground out 6-3 (Groundball, 56)
Batting: RHB Iván Granados 0-0: Swinging Strike
0-1: Ball
1-1: Ball
2-1: Ball
3-1: Base on Balls
Pitching: RHP Larry Bischoff
Batting: RHB Jason Erickson 0-0: Ball
1-0: Ball
2-0: Foul Ball, location: 2F
2-1: Foul Ball, location: 2F
2-2: Foul Ball, location: 2F
2-2: Ball
3-2: Strikes out swinging
Iván Granados steals 2nd base
Batter strikes out.
Batting: RHB Randall Walker 0-0: Foul Ball, location: 2F
0-1: Foul Ball, location: 2F
0-2: Ball
1-2: Ball
2-2: Foul Ball, location: 2F
2-2: Ball
3-2: Base on Balls
Batting: RHB Luis Méndez 0-0: Ball
1-0: Called Strike
1-1: Foul Ball, location: 2F
1-2: Ball
2-2: Strikes out swinging
Top of the 9th over - 0 runs, 0 hits, 0 errors, 2 left on base; BlackIron 2 - Gainesville 12
Saturday, April 7th, 2018 - OOTP Baseball 18.8 Build 76